 Dungeon Sprint DCSS version 0.26-a0-1184-g95e395e029 (webtiles) character file.

Game seed: 12017659996064973956

10 reriks the Skirmisher (level 2, 0/30 HPs)
             Began as a Gargoyle Berserker on Dec 27, 2020.
             Was a Believer of Trog.
             Slain by an ufetubus (1 damage)
             ... summoned by a neqoxec
             ... in the Dungeon (Sprint II: "The Violet Keep of Menkaure").
             The game lasted 00:00:21 (190 turns).

reriks the Skirmisher (Gargoyle Berserker)           Turns: 190, Time: 00:00:21

Health: 0/30       AC:  5    Str: 20    XL:     2   Next: 20%
Magic:  1/1        EV: 12    Int:  7    God:    Trog [**....]
Gold:   243        SH:  0    Dex:  7    Spells: 1/1 levels left

rFire    . . .     SeeInvis .   a - +0 mace
rCold    . . .     Faith    .   (no shield)
rNeg     + . .     Spirit   .   b - +0 animal skin
rPois    ∞         Reflect  .   (no helmet)
rElec    +         Harm     .   (no cloak)
rCorr    .         Rampage  .   (no gloves)
Will     ++...     NoTele   +   (no boots)
Stlth    ..........             (no amulet)
HPRegen  1.10/turn              (no ring)
MPRegen  0.07/turn              (no ring)

@: berserking (expiring), regenerating (expiring), very quick
A: clumsy 1, low mp 1, negative energy resistance 1, electricity resistance,
unbreathing, petrification resistance, miasma immunity, AC +2
a: Renounce Religion, Berserk, Trog's Hand


You were in the Dungeon.
You worshipped Trog.
Trog was pleased with you.
You visited 1 branch You collected 243 gold pieces.

Inventory:

Hand Weapons
 a - a +0 mace (weapon)
Armour
 b - a +0 animal skin (worn)
Scrolls
 h - a scroll of blinking
Potions
 c - a potion of curing
 d - a potion of heal wounds
 e - a potion of haste
 f - 2 potions of magic
 g - a potion of berserk rage


   Skills:
 + Level 4.0 Fighting
 + Level 3.6 Maces & Flails
 + Level 3.1 Armour
 + Level 2.3 Dodging


You had one spell level left.
You didn't know any spells.
Your spell library was empty.

Dungeon Overview and Level Annotations

Branches:
Dungeon (1/1)

Altars:


Innate Abilities, Weirdness & Mutations

You are resistant to torment.
Your stone body is resilient. (AC +2)
You are immune to poison.
You resist negative energy. (rN+)
You are resistant to electric shocks. (rElec)
You can survive without breathing.
You are immune to petrification.
You are immune to miasma.
You are clumsy. (Dex -2)
Your magical capacity is low. (-10% MP)


Message History

The ufetubus hits you.
* * * LOW HITPOINT WARNING * * *
The ufetubus hits you.
* * * LOW HITPOINT WARNING * * *
The ufetubus hits you.
* * * LOW HITPOINT WARNING * * *
The ufetubus hits you but does no damage.
A neqoxec comes into view.
The neqoxec gestures.
You closely miss the neqoxec.
The neqoxec is almost dead.
The neqoxec shouts!
The ufetubus closely misses you. The ufetubus hits you.
* * * LOW HITPOINT WARNING * * *
The ufetubus hits you but does no damage. x2
The neqoxec gestures.
The ufetubus closely misses you.
The ufetubus hits you but does no damage.
The ufetubus hits you.
You die...

##+#
##..###
#..##.#
##.#.#
##†#
##5###
+.5@3#
##5##3#
#+# 3#
#


You could see 3 neqoxecs, a shadow imp (summoned) and 2 ufetubi.

Vanquished Creatures
  3 worms (D)
3 creatures vanquished.

Vanquished Creatures (others)
  A water moccasin (D)
1 creature vanquished.

Grand Total: 4 creatures vanquished

Notes
Turn   | Place    | Note
-------+----------+-------------------------------------------
     0 | D        | reriks the Gargoyle Berserker began the quest for the Orb.
     0 | D        | Reached XP level 1. HP: 14/14 MP: 1/1
    18 | D        | Reached XP level 2. HP: 20/20 MP: 2/2
    19 | D        | Reached ** piety under Trog
    20 | D        | Reached skill level 4 in Fighting
    84 | D        | Killed a water moccasin
   175 | D        | Noticed a neqoxec
   175 | D        | Gained mutation: Your magical capacity is low. (-10% MP) [a
                  | neqoxec]
   182 | D        | Gained mutation: You are clumsy. (Dex -2) [a neqoxec]
   185 | D        | Noticed a neqoxec
   189 | D        | HP: 1/30 [ufetubus[a neqoxec] (1)]
   189 | D        | Noticed a neqoxec
   190 | D        | Slain by an ufetubus

Illustrated notes

Levels and vault maps discovered:
D:        the_violet_keep_of_menkaure [sprint2_stairs_cluster_1,
          sprint2_shoproom, sprint2_temple, sprint2_basic_supplies,
          sprint2_obstacle_6, sprint2_obstacle_7, sprint2_obstacle_5,
          sprint2_obstacle_4, sprint2_obstacle_2, sprint2_timed_cluster_1,
          sprint2_smallroom_cluster_1, sprint2_smallroom_final_cluster_1,
          sprint2_transparent_cluster_1, sprint2_second_timed_cluster_1,
          sprint2_sniper_area_1, sprint2_heavy_combat_area_1,
          sprint2_mutation_trap_area_1, sprint2_forest_area_1,
          sprint2_light_combat_area_1, sprint2_behind_water_1,
          sprint2_near_end_vault_1]

Skill      XL: |  1  2 |
---------------+-------+-----
Dodging        | 2 |  2.3
Armour         | 3 |  3.1
Fighting       | 4 |  4.0
Maces & Flails | |  3.6

Action                   || total
-------------------------++-------
Melee: Mace              ||    26
Invok: Berserk           ||     2
       Trog's Hand       ||     1
Armor: Animal skin       ||    11
Dodge: Dodged            ||    28

Table legend: (Time is in decaauts)
 A = Elapsed time spent in this place.
 B = Non-inter-level travel time spent in this place.
 C = Inter-level travel time spent in this place.
 D = Time resting spent in this place.
 E = Time spent auto-exploring this place.
 F = Levels seen in this place.
 G = Mean time per level.
                   A        B        C        D        E       F      G
               +--------+--------+--------+--------+--------+-----+--------+
         Total |    200 |    200 |      0 |    159 |      0 |   1 |  200.0 |
       Dungeon |    200 |    200 |      0 |    159 |      0 |   1 |  200.0 |
               +--------+--------+--------+--------+--------+-----+--------+

Top non-repeatable levels by time:
       D: 200 daAuts
